[ AOE2 MATCH · #506064647 ]
UnrankedMagyars vs Ethiopians
Player's team · WIN
Rival team · LOSS
[ REPLAY ANALYSIS · EXTRACTED FROM THE RECORDED GAME ]
Feudal
10:17
Castle
—
Imperial
—
| APM avg | 53.4 |
| APM peak | 85 |
| eAPM avg | 9.9 |
| Villagers / military | 26 / 4 |
Focus
⚔️ 11.3% · 🌾 88.7%
Militia ×4
Feudal
10:49
Castle
—
Imperial
—
| APM avg | 46.3 |
| APM peak | 75 |
| eAPM avg | 21.4 |
| Villagers / military | 31 / 0 |
Focus
⚔️ 18.4% · 🌾 81.6%
Match map
Initial resources + every placement click. Lines = walls · curves = elevation contours. ◆ gold · ⬟ stone · ● berries · ✦ relic · ◌ wall gap
Your base
ENroth's base
Smoothed initial terrain · ◌ = detected wall gap · hover for details
Inputs per minute
— theanswer5 - - ENroth
Build order — theanswer5
50 actions detected in the replay
| 0:02 | Queue | Villager (Male) |
| 0:02 | Queue | Villager (Male) |
| 0:03 | Queue | Villager (Male) |
| 0:03 | Queue | Villager (Male) |
| 0:05 | Build | House |
| 0:06 | Build | House |
| 1:27 | Queue | Villager (Male) |
| 1:27 | Queue | Villager (Male) |
| 1:48 | Build | Lumber Camp |
| 1:57 | Queue | Villager (Male) |
| 2:29 | Queue | Villager (Male) |
| 2:59 | Queue | Villager (Male) |
| 2:59 | Queue | Villager (Male) |
| 3:27 | Queue | Villager (Male) |
| 3:28 | Queue | Villager (Male) |
| 3:36 | Build | House |
| 3:47 | Queue | Villager (Male) |
| 4:19 | Queue | Villager (Male) |
| 4:19 | Queue | Villager (Male) |
| 4:48 | Queue | Villager (Male) |
| 4:49 | Queue | Villager (Male) |
| 5:06 | Research | Loom |
| 5:33 | Queue | Villager (Male) |
| 5:41 | Build | Mining Camp |
| 5:49 | Build | House |
| 5:55 | Queue | Villager (Male) |
| 5:55 | Queue | Villager (Male) |
| 6:39 | Queue | Villager (Male) |
| 7:00 | Build | Barracks |
| 7:18 | Queue | Villager (Male) |
| 7:54 | Build | House |
| 8:07 | Research | Feudal Age |
| 8:33 | Build | Mill |
| 8:35 | Queue | Militia |
| 8:35 | Queue | Militia |
| 8:35 | Queue | Militia |
| 8:43 | Queue | Villager (Male) |
| 9:04 | Build | Palisade Wall |
| 9:06 | Build | Palisade Wall |
| 9:11 | Build | Palisade Wall |
| 9:15 | Build | Palisade Wall |
| 9:34 | Queue | Militia |
| 9:43 | Build | House |
| 10:17 | Age | Feudal Age |
| 10:21 | Research | Man-at-Arms (upgrade) |
| 10:24 | Queue | Villager (Male) |
| 10:26 | Research | Double-Bit Axe |
| 10:35 | Build | Archery Range |
| 10:46 | Queue | Villager (Male) |
| 11:23 | Queue | Villager (Male) |
Build order — ENroth
46 actions detected in the replay
| 0:01 | Queue | Villager (Male) |
| 0:01 | Queue | Villager (Male) |
| 0:01 | Queue | Villager (Male) |
| 0:03 | Build | House |
| 0:15 | Queue | Villager (Male) |
| 0:15 | Queue | Villager (Male) |
| 0:25 | Build | House |
| 0:27 | Build | House |
| 1:07 | Build | House |
| 1:35 | Queue | Villager (Male) |
| 1:35 | Queue | Villager (Male) |
| 2:12 | Queue | Villager (Male) |
| 2:38 | Queue | Villager (Male) |
| 2:38 | Queue | Villager (Male) |
| 2:44 | Build | Lumber Camp |
| 3:02 | Queue | Villager (Male) |
| 3:03 | Queue | Villager (Male) |
| 3:28 | Queue | Villager (Male) |
| 3:28 | Queue | Villager (Male) |
| 3:51 | Queue | Villager (Male) |
| 3:51 | Queue | Villager (Male) |
| 4:15 | Queue | Villager (Male) |
| 4:15 | Queue | Villager (Male) |
| 4:16 | Queue | Villager (Male) |
| 5:00 | Build | Mill |
| 5:03 | Queue | Villager (Male) |
| 5:03 | Queue | Villager (Male) |
| 5:24 | Queue | Villager (Male) |
| 5:29 | Queue | Villager (Male) |
| 5:47 | Queue | Villager (Male) |
| 5:47 | Queue | Villager (Male) |
| 5:47 | Queue | Villager (Male) |
| 5:47 | Queue | Villager (Male) |
| 6:41 | Queue | Villager (Male) |
| 6:42 | Queue | Villager (Male) |
| 6:42 | Queue | Villager (Male) |
| 6:48 | Research | Loom |
| 6:56 | Build | Mining Camp |
| 8:39 | Research | Feudal Age |
| 8:39 | Research | Feudal Age |
| 9:00 | Build | Barracks |
| 10:40 | Build | House |
| 10:49 | Age | Feudal Age |
| 11:00 | Queue | Villager (Male) |
| 11:27 | Build | Blacksmith |
| 11:30 | Build | Stable |
Match timeline
| 7:00 | theanswer5 · first_building Barracks |
| 9:00 | ENroth · first_building Barracks |
| 9:04 | theanswer5 · wall_segment Palisade Wall x1 |
| 9:06 | theanswer5 · wall_segment Palisade Wall x1 |
| 9:11 | theanswer5 · wall_segment Palisade Wall x1 |
| 9:15 | theanswer5 · wall_segment Palisade Wall x1 |
| 10:17 | theanswer5 · age_up feudal |
| 10:35 | theanswer5 · first_building Archery Range |
| 10:49 | ENroth · age_up feudal |
| 11:30 | ENroth · first_building Stable |
| 11:39 | ENroth · resign |
[ AI ANALYSIS · 1 CREDIT ]
What really happened in this match?
Wolo.gg analyzes every decision: build order, eco, micro, common mistakes by bracket. Personalized analysis on WhatsApp or Discord in 30 seconds.
Civ guide
Magyars
Perfil
Jugador #16931029